 Dungeon Crawl Stone Soup version 0.30-a0-585-g93115170b9 (webtiles) character file.

Game seed: 14006488174015876968

415 Dartaoz the Shooter (level 6, -4/53 HPs)
             Began as a Minotaur Hunter on Jan 2, 2023.
             Killed from afar by Ijyb (10 damage)
             ... with a puff of flame
             ... on level 4 of the Dungeon.
             The game lasted 00:27:06 (3276 turns).

Dartaoz the Shooter (Minotaur Hunter)               Turns: 3276, Time: 00:27:07

Health: -4/53      AC: 11    Str: 21    XL:     6   Next: 60%
Magic:  5/5        EV: 12    Int:  6    God:
Gold:   222        SH:  0    Dex: 13    Spells: 5/5 levels left

rFire   . . .      SeeInvis .    a - +1 shortbow
rCold   . . .      Faith    .    (shield currently unavailable)
rNeg    . . .      Spirit   .    y - +0 ring mail of Ufun {Str+3}
rPois   .          Reflect  .    (helmet restricted)
rElec   .          Harm     .    v - +0 cloak "Asotoi" {rCorr}
rCorr   +          Rampage  .    l - +0 pair of gloves
Will    .....                    x - +2 pair of boots
Stlth   +                        (no amulet)
HPRegen 0.28/turn                (no ring)
MPRegen 0.09/turn                (no ring)

@: no status effects
A: horns 2, retaliatory headbutt
a: no special abilities


You were on level 4 of the Dungeon.
You visited 1 branch of the dungeon, and saw 5 of its levels.

You collected 222 gold pieces.

Inventory:

Hand Weapons
 a - a +1 shortbow (weapon)
Missiles
 h - 4 atropa-tipped darts
Armour
 c - a +0 leather armour
 e - a +0 ring mail
 l - a +0 pair of gloves (worn)
 m - a +0 chain mail
 v - the +0 cloak "Asotoi" (worn) {rCorr}
   (You found it on level 2 of the Dungeon)

   rCorr:     It protects you from acid and corrosion.
 x - a +2 pair of boots (worn)
 y - the +0 ring mail of Ufun (worn) {Str+3}
   (You found it on level 4 of the Dungeon)

   Str:       It affects your strength (+3).
Jewellery
 j - a ring of flight
Wands
 s - a wand of charming (7)
 D - a wand of flame (12)
 E - a wand of light (2)
Scrolls
 b - 2 scrolls of immolation
 d - a scroll of enchant weapon
 k - a scroll of noise
 w - a scroll of blinking
Potions
 f - a potion of cancellation
 i - a potion of brilliance
 n - a potion of attraction {unknown}
 p - 2 potions of invisibility
 q - 4 potions of curing
 t - a potion of haste {unknown}
 z - a potion of lignification {unknown}
 A - a potion of magic {unknown}
 B - a potion of degeneration {unknown}
 C - a potion of heal wounds {unknown}


   Skills:
 + Level 4.7 Fighting
 + Level 5.8 Ranged Weapons
 + Level 3.6 Armour
 + Level 4.3 Dodging
 - Level 1.0 Stealth


You had 5 spell levels left.
You didn't know any spells.
Your spell library contained the following spells:

 Spells                   Type           Power      Damage    Failure   Level
 Frozen Ramparts          Ice            0%         1d1       94%         3
 Anguish                  Hex/Necr       0%         N/A       100%        4
 Ice Form                 Ice/Tmut       0%         N/A       100%        4
 Summon Ice Beast         Ice/Summ       0%         N/A       100%        4
 Enfeeble                 Hex            0%         N/A       100%        7


Dungeon Overview and Level Annotations

Branches:
Dungeon (5/15)
 Temple: D:4-7

Altars:
Wu Jian
Yredelemnul

Annotations:
D:4 Ijyb


Innate Abilities, Weirdness & Mutations

You have a pair of horns on your head.
You reflexively headbutt those who attack you in melee.


Message History

The puff of flame hits you!
* * * LOW HITPOINT WARNING * * *
There is a stone staircase leading up here.
Something barely misses you.
You climb upwards.
Reactivating autopickup.
There is a stone staircase leading down here.
Something hits you but does no damage.
Deactivating autopickup; reactivate with Ctrl-A.
What are your orders? t - Shout!
Orders for allies: a - Attack new target. r - Retreat! s - Stop attacking. g - Guard the area. f - Follow me.
Anything else - Cancel.
Okay, then.
You start resting.
You hear a zap.
A puff of flame appears from out of thin air!
The puff of flame hits you.
* * * LOW HITPOINT WARNING * * *
You feel better. Something hits you.
* * * LOW HITPOINT WARNING * * *
Fire: a) +1 shortbow
Press: ? - help, Shift-Dir - straight line You shoot an arrow.
Something hits you but does no damage.
Fire: a) +1 shortbow
Press: ? - help, Shift-Dir - straight line You shoot an arrow.
Something hits you.
* * * LOW HITPOINT WARNING * * *
Fire: a) +1 shortbow
Press: ? - help, Shift-Dir - straight line You shoot an arrow.
You hear a zap.
A puff of flame appears from out of thin air!
The puff of flame hits you but does no damage.
You hear a zap.
A puff of flame appears from out of thin air!
The puff of flame hits you!
You die...

...........#####'####
.).........#....>...#
############........#
.# #...<.....# .#
#.........# .#
##.......## .#
#########.......##
.###......##....>...#
...#......#....{@...#
...#......#......)..#
...#......#.........#
...#......'.........#
...#......#.........#
.###########.......##
####......##########
...........#
...........#


There were no monsters in sight!

Vanquished Creatures
  An ogre (D:4)
  2 scorpions
  An iguana (D:4)
  An orc wizard (D:4)
  5 adders
  A white imp (D:4)
  5 worms
  7 orcs
  10 endoplasms
  7 giant cockroaches
  7 goblins
  7 hobgoblins
  10 ball pythons
  A ball python zombie (D:3)
  3 bats
  6 frilled lizards
  A giant cockroach zombie (D:3)
  6 kobolds
  12 rats
93 creatures vanquished.

Notes
Turn   | Place    | Note
-------+----------+-------------------------------------------
     0 | D:1      | Dartaoz the Minotaur Hunter began the quest for the Orb.
     0 | D:1      | Reached XP level 1. HP: 18/18 MP: 0/0
    41 | D:1      | Reached skill level 1 in Stealth
   114 | D:1      | Reached XP level 2. HP: 25/25 MP: 1/1
   304 | D:1      | Reached skill level 1 in Armour
   341 | D:1      | Found a faded altar of an unknown god.
   418 | D:1      | Reached XP level 3. HP: 31/31 MP: 2/2
  1315 | D:2      | Reached XP level 4. HP: 38/38 MP: 3/3
  1318 | D:2      | Found Xilaz's Weapon Emporium.
  1320 | D:2      | Identified the +0 cloak "Asotoi" {rCorr}
  1649 | D:3      | Reached skill level 5 in Ranged Weapons
  2047 | D:3      | Found a basalt altar of Yredelemnul.
  2191 | D:4      | Noticed an ogre
  2200 | D:4      | Killed an ogre
  2201 | D:4      | Reached XP level 5. HP: 44/46 MP: 4/4
  2276 | D:4      | Identified the +0 ring mail of Ufun {Str+3}
  2330 | D:4      | Reached XP level 6. HP: 42/53 MP: 5/5
  3231 | D:5      | Entered Level 5 of the Dungeon
  3231 | D:5      | Found an ornate altar of the Wu Jian Council.
  3248 | D:5      | Noticed Ijyb
  3276 | D:4      | Killed from afar by Ijyb

Illustrated notes

Levels and vault maps discovered:
D:1:      eino_arrival_tree_alley, layout_basic, ebering_ecumenical_altar_hall
D:2:      layout_loops_corners, serial_shops, nicolae_diamond_shop,
          minmay_small_reverse_x
D:3:      layout_basic, lemuel_zombie_altar_yredelemnul
D:4:      layout_gridville, portal_sewer_entry_d
D:5:      layout_rooms, mainiacjoe_overflow_large_starburst,
          serial_bayou_crossing, uniq_ijyb

Skill      XL: |  1  2  3  4  5 |
---------------+----------------+-----
Stealth        | 1 |  1.0
Armour         | 1 2 3 |  3.6
Fighting       | 3 4 |  4.7
Dodging        | 3 4 |  4.3
Ranged Weapons | 5 |  5.8

Action                   |  1- 3 |  4- 6 || total
-------------------------+-------+-------++-------
 Fire: Shortbow          |   126 |   171 ||   297
  Use: Scroll            |       |    10 ||    10
       Potion            |       |     2 ||     2
Armor: Leather armour    |     3 |       ||     3
       Ring mail         |     4 |    50 ||    54
Dodge: Dodged            |    14 |    64 ||    78

Table legend: (Time is in decaauts)
 A = Elapsed time spent in this place.
 B = Non-inter-level travel time spent in this place.
 C = Inter-level travel time spent in this place.
 D = Time resting spent in this place.
 E = Time spent auto-exploring this place.
 F = Levels seen in this place.
 G = Mean time per level.
                   A        B        C        D        E       F      G
               +--------+--------+--------+--------+--------+-----+--------+
         Total |   3379 |   3286 |     93 |    347 |   2131 |   5 |  675.8 |
       Dungeon |   3379 |   3286 |     93 |    347 |   2131 |   5 |  675.8 |
               +--------+--------+--------+--------+--------+-----+--------+

Top non-repeatable levels by time:
     D:4: 1111 daAuts
     D:2: 1009 daAuts
     D:1: 647 daAuts
     D:3: 569 daAuts
     D:5: 41 daAuts
